 Dungeon Crawl Stone Soup version 0.32-a0-391-gce5c0aab1b (webtiles) character file.

Game seed: 10090877473178664051

130 CougarLife the Digger (level 5, 0/28 HPs)
             Began as a Gargoyle Earth Elementalist on Feb 20, 2024.
             Slain by an orc
             ... wielding a +1 flail of protection
              (6 damage)
             ... on level 3 of the Dungeon.
             The game lasted 00:03:07 (2185 turns).

CougarLife the Digger (Gargoyle Earth Elementalist) Turns: 2185, Time: 00:03:07

Health: 0/28       AC:  7    Str: 12    XL:     5   Next: 14%
Magic:  1/9        EV: 11    Int: 17    God:
Gold:   56         SH:  0    Dex: 10    Spells: 9/10 levels left

rFire   . . .        k - +0 dagger (drain)
rCold   . . .        (no shield)
rNeg    + . .        a - +0 robe
rPois   ∞            c - +0 helmet
rElec   +            (no cloak)
rCorr   .            (no gloves)
SInv    .            (no boots)
Will    .....        (no amulet)
Stlth   ++           (no ring)
HPRegen 0.24/turn    (no ring)
MPRegen 0.11/turn

%: no passive effects
@: no status effects
A: sickness immunity, AC +4, negative energy resistance 1, electricity
resistance, torment resistance 1, petrification resistance
a: no special abilities


You were on level 3 of the Dungeon.
You visited 1 branch of the dungeon, and saw 3 of its levels.

You collected 84 gold pieces.
You spent 28 gold pieces at shops.

Inventory:

Hand Weapons
 k - a +0 dagger of draining (weapon)
Armour
 a - a +0 robe (worn)
 c - a +0 helmet (worn)
Scrolls
 d - a scroll of enchant weapon {unknown}
 e - 2 scrolls of teleportation
 h - a scroll of amnesia {unknown}
 i - 2 scrolls of noise
 l - a scroll of identify
Potions
 b - a potion of magic
 f - a potion of lignification
 g - a potion of brilliance
 j - a potion of berserk rage {unknown}
 m - a potion of attraction {unknown}


   Skills:
 - Level 1.5 Dodging
 - Level 2.1 Stealth
 + Level 3.2 Spellcasting
 + Level 3.0 Conjurations
 + Level 4.9 Earth Magic


You had 9 spell levels left.
You knew the following spells:

 Your Spells              Type           Power      Damage    Failure   Level
a - Sandblast             Erth           38%        2d10      2%          1

Your spell library contained the following spells:

 Spells                   Type           Power      Damage    Failure   Level
 Passwall                 Erth           19%        N/A       7%          3
 Stone Arrow              Conj/Erth      32%        3d9       10%         3
 Brom's Barrelling Bould  Conj/Erth      16%        2d4       32%         4
 Petrify                  Alch/Erth      11%        N/A       52%         4


Dungeon Overview and Level Annotations

Branches:
Dungeon (3/15)

Altars:
Cheibriados

Shops:
D:2 ?


Innate Abilities, Weirdness & Mutations

You are immune to sickness and miasma.
Your stone body is resilient. (AC +4)
You are immune to poison.
You resist negative energy. (rN+)
You are resistant to electric shocks. (rElec)
You are resistant to unholy torment.
You are immune to petrification.


Message History

Ouch! That really hurt!
The orc priest shouts, "The Pantheon deserves no one's loyalty.
Let us show you the true path!" (press Y on the ability menu to convert to Beogh)
Casting: Sandblast (safe; 2% risk of failure)
Confirm with . or Enter, or press ? or * to list all spells.
Aiming: Sandblast (safe; 2% risk of failure)
Press: ? - help, Shift-Dir - straight line, f/p - orc priest
Aim: an orc priest, wielding a +0 trident (almost dead, 82% to hit)
The blast of sand hits the orc priest!
You kill the orc priest!
Your Conjurations skill increases to level 3!
You have reached level 5!
Unknown command.
The blast of sand hits the orc but does no damage.
The orc barely misses you.
The blast of sand hits the orc but does no damage.
The blast of sand hits the orc!
You kill the orc!
The orc barely misses you.
The orc hits you with a +1 flail of protection!
* * * LOW HITPOINT WARNING * * *
You are too injured to fight recklessly!
You are too injured to fight recklessly!
You are too injured to fight recklessly!
Casting: Sandblast (safe; 2% risk of failure)
Confirm with . or Enter, or press ? or * to list all spells.
Aiming: Sandblast (safe; 2% risk of failure)
Press: ? - help, Shift-Dir - straight line, f - orc
Aim: an orc, wielding a +1 flail of protection and wearing a +0 leather armour (82% to hit)
The blast of sand hits the orc but does no damage.
The orc hits you with a +1 flail of protection.
* * * LOW HITPOINT WARNING * * *
Casting: Sandblast (safe; 2% risk of failure)
Confirm with . or Enter, or press ? or * to list all spells.
Aiming: Sandblast (safe; 2% risk of failure)
Press: ? - help, Shift-Dir - straight line, f/p - orc
Aim: an orc, wielding a +1 flail of protection and wearing a +0 leather armour (82% to hit)
The blast of sand hits the orc but does no damage.
The orc hits you with a +1 flail of protection.
You die...

## #. #. #) #)
#)### ### ###
#o@.#####.. ...#
#.....##.###.#.##
#................
#.....##.#.......
#.....#..........
#######..........
#..#)......
#.).....###
#<......#


You could see an orc.

Vanquished Creatures
  An orc priest (D:3)
  A gnoll (D:1)
  2 adders (D:2)
  A dart slug (D:1)
  2 orcs (D:3)
  4 ball pythons
  3 bats (D:2)
  3 endoplasms (D:2)
  2 giant cockroaches
  4 goblins
  3 hobgoblins
  3 jackals (D:2)
  4 kobolds
  5 frilled lizards (D:1)
  3 rats
41 creatures vanquished.

Notes
Turn   | Place    | Note
-------+----------+-------------------------------------------
     0 | D:1      | CougarLife the Gargoyle Earth Elementalist began the quest
                  | for the Orb.
     0 | D:1      | Reached XP level 1. HP: 10/10 MP: 3/3
   142 | D:1      | Reached XP level 2. HP: 6/15 MP: 0/5
   266 | D:1      | Reached skill level 4 in Earth Magic
   649 | D:1      | Reached XP level 3. HP: 19/19 MP: 4/6
  1523 | D:2      | Found Fueg's Magic Scroll Shoppe.
  1548 | D:2      | Found a snail-covered altar of Cheibriados.
  1557 | D:2      | Reached XP level 4. HP: 24/24 MP: 4/8
  1628 | D:2      | Bought a scroll of identify for 28 gold pieces
  2181 | D:3      | Reached XP level 5. HP: 15/28 MP: 5/9
  2185 | D:3      | Slain by an orc

Illustrated notes

Levels and vault maps discovered:
D:1:      denvon_arrival_planthouse, layout_loops_corners
D:2:      layout_loops_ring, basic_altar, serial_shops, nicolae_shop_waterfront
D:3:      layout_loops_cross, grunt_temple_overflow_lords_of_destruction,
          nicolae_overflow_hallway_of_the_gods, mainiacjoe_overflow_brackets

Skill      XL: |  1  2  3  4 |
---------------+-------------+-----
Earth Magic    | 4 |  4.9
Conjurations   | 2 3 |  3.0
Spellcasting   | 3 |  3.2
Dodging        | |  1.5
Stealth        | |  2.1

Action                     |  1- 3 |  4- 6 || total
---------------------------+-------+-------++-------
  Melee: Unarmed           |     7 |       ||     7
         Dagger            |       |     2 ||     2
   Cast: Sandblast         |    35 |    29 ||    64
    Use: Scroll            |       |     5 ||     5
 Armour: Robe              |    13 |    12 ||    25
  Dodge: Dodged            |    17 |    15 ||    32

Table legend: (Time is in decaauts)
 A = Elapsed time spent in this place.
 B = Non-inter-level travel time spent in this place.
 C = Inter-level travel time spent in this place.
 D = Time resting spent in this place.
 E = Time spent auto-exploring this place.
 F = Levels seen in this place.
 G = Mean time per level.
                   A        B        C        D        E       F      G
               +--------+--------+--------+--------+--------+-----+--------+
         Total |   2216 |   2133 |     83 |    140 |   1693 |   3 |  738.7 |
       Dungeon |   2216 |   2133 |     83 |    140 |   1693 |   3 |  738.7 |
               +--------+--------+--------+--------+--------+-----+--------+

Top non-repeatable levels by time:
     D:1: 1341 daAuts
     D:2: 853 daAuts
     D:3: 22 daAuts
